AoeStats
← Formagella

Arena

503883119Analyzed
3v3 RM · 1mo ago on Sep 2, 2026· 37m 31s· 6 players
Game mode
Random Map
Map size
Normal (6 player)
Population
200
Speed
Normal
Resources
Standard
Victory
Conquest
Starting age
Dark Age
Ending age
Imperial Age
RankedLock teamsTeams togetherTeam positionsShared explorationLock speedFull tech treeHidden civsTurbo modeCheats
Victory
Defeat
🇦🇷 Goths · Argentina
985
+12
🇨🇴 Cumans · Colombia
924
+14
🇨🇴 Malay · Colombia
903
+15
🇨🇭 Goths · Switzerland
988
-18
🇨🇭 Saracens · Switzerland
841
-12
🇨🇭 Britons · Switzerland
829
-11
Rey-Dios Chan
6:28 Loom
9:54 Feudal Age
11:00 Horse Collar
17:44 Double-Bit Axe
22:40 Castle Age
21:02 Gold Mining
21:58 Scale Barding Armor
23:04 Wheelbarrow
22:24 Stone Mining
23:17 Padded Archer Armor
23:28 Forging
23:46 Bloodlines
24:44 Chain Barding Armor
24:07 Elite Skirmisher
26:07 Hand Cart
26:55 Leather Archer Armor
26:57 Fletching
27:32 Capped Ram
28:00 Crossbowman
30:53 Thumb Ring
33:26 Bodkin Arrow
34:08 Iron Casting
39:09 Imperial Age
Okisan
10:36 Feudal Age
11:45 Loom
15:23 Castle Age
13:33 Double-Bit Axe
14:09 Horse Collar
18:19 Bow Saw
19:08 Wheelbarrow
20:07 Heavy Plow
20:36 Gold Mining
26:02 Stone Mining
29:22 Imperial Age
28:11 Anarchy
29:02 Squires
29:04 Scale Mail Armor
29:14 Forging
31:09 Two-Man Saw
30:44 Crop Rotation
30:57 Capped Ram
32:24 Hand Cart
31:46 Elite Huskarl
32:32 Perfusion
33:01 Conscription
35:20 Chain Mail Armor
35:40 Iron Casting
37:17 Chemistry
36:13 Murder Holes
36:29 Masonry
38:16 Blast Furnace
Larry Capija
14:07 Feudal Age
17:45 Castle Age
19:56 Wheelbarrow
21:08 Double-Bit Axe
25:45 Imperial Age
25:23 Wheelbarrow
25:20 Town Watch
26:03 Bow Saw
26:25 Scale Barding Armor
26:26 Loom
26:27 Town Watch
27:07 Horse Collar
29:42 Husbandry
29:51 Heavy Plow
30:05 Forging
30:18 Hand Cart
32:42 Elite Battle Elephant
36:54 Iron Casting
36:55 Crop Rotation
Formagella
3:41 Loom
10:47 Feudal Age
15:59 Castle Age
14:21 Double-Bit Axe
14:37 Horse Collar
16:52 Bow Saw
17:35 Wheelbarrow
18:30 Heavy Plow
20:00 Hand Cart
21:18 Gold Mining
25:21 Town Watch
28:21 Fletching
28:30 Pikeman
29:11 Squires
29:11 Bodkin Arrow
29:26 Scale Mail Armor
29:37 Forging
29:41 Masonry
29:51 Ballistics
33:58 Imperial Age
33:41 Chain Mail Armor
35:10 Halberdier
Perocat
10:57 Feudal Age
13:05 Wheelbarrow
16:40 Castle Age
14:48 Double-Bit Axe
15:31 Horse Collar
21:25 Bow Saw
21:48 Heavy Plow
22:34 Gold Mining
22:34 Stone Mining
23:36 Hand Cart
24:17 Stone Mining
25:02 Gold Shaft Mining
31:03 Imperial Age
29:52 Fortified Wall
31:13 Forging
31:08 Scale Barding Armor
32:29 Conscription
31:58 Elite Mameluke
34:20 Two-Man Saw
33:23 Treadmill Crane
34:00 Light Cavalry
34:50 Bloodlines
34:41 Husbandry
34:07 Light Cavalry
35:39 Iron Casting
35:24 Chain Barding Armor
34:56 Fletching
36:33 Siege Engineers
36:18 Hussar
38:06 Blast Furnace
maurazio
5:00 Loom
12:17 Feudal Age
13:35 Wheelbarrow
13:03 Double-Bit Axe
14:57 Horse Collar
15:20 Gold Mining
20:10 Castle Age
18:15 Stone Mining
19:00 Fletching
20:05 Forging
21:18 Hand Cart
21:17 Bow Saw
20:49 Elite Skirmisher
21:54 Heavy Plow
22:32 Gold Shaft Mining
22:51 Pikeman
26:54 Murder Holes
27:12 Fortified Wall
27:25 Ballistics
28:12 Murder Holes
30:43 Yeomen
32:58 Imperial Age
30:15 Pikeman
31:03 Scale Mail Armor
31:59 Padded Archer Armor
31:55 Bodkin Arrow
32:54 Chain Mail Armor
32:56 Leather Archer Armor
33:19 Iron Casting
32:52 Squires
33:08 Halberdier
34:04 Masonry
33:57 Bracer
35:41 Two-Man Saw
34:37 Town Watch
35:22 Conscription
35:40 Hoardings
36:50 Ring Archer Armor
36:50 Plate Mail Armor
37:21 Blast Furnace
37:19 Architecture
37:51 Chemistry
Connection lost

Rejoining the realm…

Still unreachable

The connection could not be restored.

Session expired

The server has moved on; the page needs a fresh start.